 Dungeon Crawl Stone Soup version 0.31-a0-640-g39d97e502b (webtiles) character file.

Game seed: 11666231315311239890

322 qw the Shooter (level 6, -1/38 HPs)
             Began as a Gargoyle Hunter on Aug 27, 2023.
             Slain by an ogre
             ... wielding a +0 giant club
              (18 damage)
             ... on level 4 of the Dungeon.
             The game lasted 00:01:16 (2489 turns).

qw the Shooter (Gargoyle Hunter)                    Turns: 2489, Time: 00:01:16

Health: -1/38      AC: 10    Str: 15    XL:     6   Next: 47%
Magic:  6/6        EV: 11    Int:  9    God:
Gold:   157        SH:  0    Dex: 15    Spells: 5/5 levels left

rFire   . . .        Y - +0 arbalest
rCold   . . .        (shield currently unavailable)
rNeg    + . .        d - +0 ring mail
rPois   inf          (no helmet)
rElec   +            (no cloak)
rCorr   .            h - +0 pair of gloves
SInv    .            (no boots)
Will    .....        (no amulet)
Stlth   +            (no ring)
HPRegen 0.26/turn    (no ring)
MPRegen 0.10/turn

%: no passive effects
@: no status effects
A: sickness immunity, AC +4, negative energy resistance 1, electricity
resistance, torment resistance 1, petrification resistance
a: no special abilities


You were on level 4 of the Dungeon.
You visited 1 branch of the dungeon, and saw 4 of its levels.

You collected 157 gold pieces.


Innate Abilities, Weirdness & Mutations

You are immune to sickness and miasma.
Your stone body is resilient. (AC +4)
You are immune to poison.
You resist negative energy. (rN+)
You are resistant to electric shocks. (rElec)
You are resistant to unholy torment.
You are immune to petrification.


   Skills:
 - Level 4.0 Fighting
 + Level 6.7 Ranged Weapons
 - Level 1.0 Armour
 - Level 1.5 Dodging
 - Level 1.1 Stealth


You had 5 spell levels left.
You didn't know any spells.
Your spell library was empty.

Inventory:

Hand Weapons
 Y - a +0 arbalest (weapon)
Armour
 d - a +0 ring mail (worn)
 h - a +0 pair of gloves (worn)
Jewellery
 k - a ring of fire
Scrolls
 b - 3 scrolls of teleportation
 f - a scroll of identify
Potions
 a - 2 potions of enlightenment
 e - 2 potions of resistance

Dungeon Overview and Level Annotations

Branches:
Dungeon (4/15)
 Temple: D:4-7

Altars:
Hepliaklqana


Message History

You shoot a bolt. The bolt closely misses the adder.
A nearby plant withers and dies.
You shoot a bolt. The bolt barely misses the adder.
You shoot a bolt. The bolt completely misses the adder.
The adder bites you but does no damage. x2
You shoot a bolt. The bolt hits the adder!
You kill the adder!
Found a whip.
You enter the shallow water.
Moving in this stuff is going to be slow.
An orc comes into view. It is wielding a +0 short sword.
You see here 15 gold pieces.
You shoot a bolt. The bolt hits the orc.
The orc shouts!
The orc is almost dead.
You hear a shout!
You shoot a bolt. The bolt barely misses the orc.
An ogre comes into view. It is wielding a +0 giant club.
You shoot a bolt. The bolt hits the orc.
You kill the orc!
An adder comes into view.
The adder moves out of view.
You shoot a bolt. The bolt hits the ogre!
The ogre is moderately wounded.
You shoot a bolt.
The bolt hits the ogre but does no damage.
The ogre is moderately wounded.
An endoplasm comes into view.
You shoot a bolt. The bolt barely misses the ogre.
The adder hisses angrily.
The endoplasm quivers.
An endoplasm comes into view.
The ogre hits you with a +0 giant club!!
Ouch! That really hurt!
You shoot a bolt. The endoplasm quivers.
The bolt hits the ogre.
The ogre is heavily wounded.
The ogre hits you with a +0 giant club!!
You die...

.... ....##. ....
.............. .. ...#
......^...#..# .J.
...###).........#..##...
##....#..#......#...J...
#).....)##.........S....
.)......##.....)........
.<)#....................
...##>####......@O.)..#
...##.## ###............
...##..#####.#.......##.
....#.###.#.~~...#..##
..........#.~~...#.##
..#........~7~..~7.#
.####.####~7~~.~.~~.
...# 77~~..~~P~7 ##.##
~~....~P~


You could see an ogre, an adder and 2 endoplasms.

Vanquished Creatures
  2 orc priests (D:3)
  5 orc wizards
  3 adders
  A worm (D:2)
  3 dart slugs
  18 orcs
  5 endoplasms
  7 giant cockroaches
  6 goblins
  4 hobgoblins
  8 kobolds
  3 quokkas
  4 ball pythons
  7 bats
  8 frilled lizards
  6 rats
  A spectral hobgoblin (D:3)
91 creatures vanquished.

Notes
Turn   | Place    | Note
-------+----------+-------------------------------------------
     0 | D:1      | qw the Gargoyle Hunter began the quest for the Orb.
     0 | D:1      | Reached XP level 1. HP: 12/12 MP: 1/1
     0 | D:1      | 0 ||| qw: Version: 0.3-a-74-g0d5e918
     0 | D:1      | 0 ||| qw: Game counter: 83
     0 | D:1      | 0 ||| qw: Melee chars always use a shield: true
     0 | D:1      | 0 ||| qw: God list: Okawaru
     0 | D:1      | 0 ||| qw: Allow faded altars: false
     0 | D:1      | 0 ||| qw: Do Orc after clearing Dungeon:15 true
     0 | D:1      | 0 ||| qw: Do second Lair branch before Depths: true
     0 | D:1      | 0 ||| qw: Lair rune preference: random
     0 | D:1      | 0 ||| qw: Goals: Normal
     0 | D:1      | 0 ||| PLANNING D:1-11
   104 | D:1      | Reached XP level 2. HP: 15/17 MP: 2/2
   400 | D:1      | Reached XP level 3. HP: 21/21 MP: 3/3
   506 | D:1      | Reached skill level 5 in Ranged Weapons
   716 | D:1      | 716 ||| READING scroll labelled TESSEECOTZEWO.
   717 | D:1      | 717 ||| READING scroll labelled SUDEXKYLAU.
   718 | D:1      | 718 ||| READING scroll labelled QUV USAREMUS.
   719 | D:1      | 719 ||| READING scroll labelled CEABRAMA BUPHU.
   723 | D:1      | 723 ||| DRINKING 2 coppery potions.
   724 | D:1      | 724 ||| DRINKING 2 bubbling puce potions.
   725 | D:1      | 725 ||| DROPPING scroll of butterflies.
   726 | D:1      | 726 ||| DROPPING potion of degeneration.
   927 | D:2      | Reached skill level 3 in Fighting
   975 | D:2      | Reached XP level 4. HP: 28/28 MP: 4/4
  1021 | D:2      | 1021 ||| FLEEEEING.
  1024 | D:2      | 1024 ||| FLEEEEING.
  1025 | D:2      | 1025 ||| FLEEEEING.
  1028 | D:2      | 1028 ||| STAIRDANCE
  1044 | D:1      | 1044 ||| UPGRADING to +0 pair of gloves.
  1049 | D:1      | 1049 ||| DRINKING 2 viscous red potions.
  1050 | D:1      | 1050 ||| READING 2 scrolls of identify.
  1050 | D:1      | 1050 ||| IDENTIFYING orange potion
  1087 | D:2      | 1087 ||| SWAPPING to +0 arbalest.
  1089 | D:2      | 1089 ||| DROPPING +0 shortbow of draining.
  1382 | D:2      | 1382 ||| DRINKING 2 glowing sapphire potions.
  1383 | D:2      | 1383 ||| READING 2 scrolls of identify.
  1383 | D:2      | 1383 ||| IDENTIFYING fuming brown potion
  1384 | D:2      | 1384 ||| DROPPING potion of berserk rage.
  1385 | D:2      | 1385 ||| DROPPING potion of brilliance.
  1546 | D:3      | 1546 ||| Stepping ~*~*~tactically~*~*~ (retreating).
  1547 | D:3      | 1547 ||| Stepping ~*~*~tactically~*~*~ (retreating).
  1548 | D:3      | 1548 ||| Stepping ~*~*~tactically~*~*~ (retreating).
  1549 | D:3      | 1549 ||| Stepping ~*~*~tactically~*~*~ (retreating).
  1550 | D:3      | 1550 ||| Stepping ~*~*~tactically~*~*~ (retreating).
  1573 | D:3      | Reached skill level 6 in Ranged Weapons
  1573 | D:3      | Reached XP level 5. HP: 32/32 MP: 5/5
  1698 | D:3      | Found a hazy altar of Hepliaklqana.
  1707 | D:3      | Reached skill level 1 in Armour
  1737 | D:3      | 1737 ||| FLEEEEING.
  1741 | D:3      | 1741 ||| FLEEEEING.
  1742 | D:3      | 1742 ||| FLEEEEING.
  1743 | D:3      | 1743 ||| FLEEEEING.
  1747 | D:3      | 1747 ||| FLEEEEING.
  1748 | D:3      | 1748 ||| FLEEEEING.
  1754 | D:3      | 1754 ||| FLEEEEING.
  1755 | D:3      | 1755 ||| FLEEEEING.
  1756 | D:3      | 1756 ||| FLEEEEING.
  1757 | D:3      | 1757 ||| FLEEEEING.
  1758 | D:3      | 1758 ||| FLEEEEING.
  1759 | D:3      | 1759 ||| FLEEEEING.
  1760 | D:3      | 1760 ||| FLEEEEING.
  1761 | D:3      | 1761 ||| FLEEEEING.
  1762 | D:3      | 1762 ||| FLEEEEING.
  1763 | D:3      | 1763 ||| FLEEEEING.
  1764 | D:3      | 1764 ||| FLEEEEING.
  1765 | D:3      | 1765 ||| FLEEEEING.
  1766 | D:3      | 1766 ||| FLEEEEING.
  1767 | D:3      | 1767 ||| FLEEEEING.
  1768 | D:3      | 1768 ||| FLEEEEING.
  1769 | D:3      | 1769 ||| FLEEEEING.
  1773 | D:3      | 1773 ||| STAIRDANCE
  1788 | D:2      | 1788 ||| UPGRADING to +0 ring mail.
  1798 | D:2      | 1798 ||| DROPPING +0 leather armour.
  1802 | D:3      | 1802 ||| STAIRDANCE
  1822 | D:3      | 1822 ||| STAIRDANCE
  2088 | D:3      | Reached XP level 6. HP: 38/38 MP: 6/6
  2350 | D:3      | 2350 ||| READING scroll labelled JITOPU CUKH.
  2442 | D:4      | 2442 ||| DRINKING potion of curing.
  2442 | D:4      | 2442 ||| (to cure confusion)
  2489 | D:4      | Slain by an ogre

Levels and vault maps discovered:
D:1:      shiori_arrival_maze, layout_loops_cross
D:2:      layout_loops_ring, nicolae_elevator_lobby_plus
D:3:      layout_basic, nicolae_hepliaklqana_monster_ancestors
D:4:      layout_cave_pools, serial_bayou_ford_a

Skill      XL: |  1  2  3  4  5 |
---------------+----------------+-----
Ranged Weapons | 5 6 |  6.7
Fighting       | 3 4 |  4.0
Armour         | 1 |  1.0
Dodging        | |  1.5
Stealth        | |  1.1

Action                     |  1- 3 |  4- 6 || total
---------------------------+-------+-------++-------
   Fire: Shortbow          |   122 |     8 ||   130
         Arbalest          |       |   126 ||   126
    Use: Scroll            |     4 |     3 ||     7
         Potion            |     2 |     3 ||     5
 Armour: Leather armour    |    16 |    16 ||    32
         Ring mail         |       |    34 ||    34
  Dodge: Dodged            |    33 |    43 ||    76

Table legend:
 A = Non-vault XP
 B = Vault XP
 C = Vault XP percentage of total XP
 D = Non-vault monster count
 E = Vault monster count
 F = Vault count percentage of total count
                 A         B        C        D         E       F
            +---------+---------+-------+---------+---------+-------
      Total |     454 |       7 |   1.5 |      87 |       4 |   4.4
            +---------+---------+-------+---------+---------+-------
        D:1 |      42 |       4 |   8.7 |      25 |       2 |   7.4
        D:2 |      99 |       0 |   0.0 |      22 |       0 |   0.0
        D:3 |     186 |       3 |   1.6 |      32 |       2 |   5.9
        D:4 |     127 |       0 |   0.0 |       8 |       0 |   0.0
            +---------+---------+-------+---------+---------+-------
